 Dungeon Crawl Stone Soup version 0.28-a0-1387-g3a22ab9bdc (webtiles) character file.

Game seed: 6574857093150384899

60 ragingrage the Shooter (level 4, -6/32 HPs)
             Began as a Gnoll Wanderer on Jan 2, 2022.
             Mangled by an orc (7 damage)
             ... on level 2 of the Dungeon.
             The game lasted 00:02:07 (1577 turns).

ragingrage the Shooter (Gnoll Wanderer)             Turns: 1577, Time: 00:02:08

Health: -6/32      AC:  3    Str: 12    XL:     4   Next: 4%
Magic:  5/5        EV: 13    Int: 16    God:
Gold:   86         SH:  0    Dex: 14    Spells: 4/5 levels left

rFire   . . .      SeeInvis .   a - +2 shortbow
rCold   . . .      Faith    .   (shield currently unavailable)
rNeg    . . .      Spirit   .   e - +0 robe
rPois   .          Reflect  .   (no helmet)
rElec   .          Harm     .   d - +0 cloak
rCorr   .          Rampage  .   (no gloves)
Will    .....                   (no boots)
Stlth   ++........              (no amulet)
HPRegen 0.10/turn               j - +6 ring of intelligence
MPRegen 0.09/turn               (no ring)

@: no status effects
A: fangs 1, strong nose, distributed training
a: no special abilities


You were on level 2 of the Dungeon.
You visited 1 branch of the dungeon, and saw 3 of its levels.

You collected 86 gold pieces.

Inventory:

Hand Weapons
 a - a +2 shortbow (weapon)
 b - a +2 short sword of protection
Missiles
 c - 43 arrows (quivered ammo)
 i - 11 poisoned darts
Armour
 d - a +0 cloak (worn)
 e - a +0 robe (worn)
Jewellery
 j - a +6 ring of intelligence (left hand)
Scrolls
 g - a scroll of fog {unknown}
 o - a scroll of blinking {unknown}
Potions
 f - 5 potions of curing {unknown}
 h - 2 potions of haste {unknown}
 k - a potion of heal wounds {unknown}
 l - a potion of flight {unknown}
 m - a potion of mutation {unknown}
 n - a potion of might {unknown}


   Skills:
 + Level 1.0 Fighting
 + Level 1.0 Short Blades
 + Level 1.0 Long Blades
 + Level 1.0 Axes
 + Level 1.0 Maces & Flails
 + Level 1.0 Polearms
 + Level 6.5 Staves
 + Level 1.0 Slings
 + Level 6.5 Bows
 + Level 1.0 Crossbows
 + Level 1.0 Throwing
 + Level 1.0 Armour
 + Level 4.6 Dodging
 + Level 2.5 Stealth
 + Level 1.0 Shields
 + Level 1.0 Unarmed Combat
 + Level 1.0 Spellcasting
 + Level 0.7 Conjurations
 + Level 0.7 Hexes
 + Level 0.7 Summonings
 + Level 0.7 Necromancy
 + Level 0.7 Translocations
 + Level 0.7 Transmutations
 + Level 0.7 Fire Magic
 + Level 0.7 Ice Magic
 + Level 0.7 Air Magic
 + Level 0.7 Earth Magic
 + Level 0.7 Poison Magic
 + Level 1.1 Invocations
 + Level 2.7 Evocations


You had 4 spell levels left.
You knew the following spells:

 Your Spells              Type           Power      Damage    Failure   Level
a - Shock                 Conj/Air       12%        1d3       17%         1

Your spell library contained the following spells:

 Spells                   Type           Power      Damage    Failure   Level
 Swiftness                Air            3%         N/A       45%         3
 Airstrike                Air            1%         N/A       86%         4


Dungeon Overview and Level Annotations

Branches:
Dungeon (3/15)

Altars:

Shops:
D:2 [


Innate Abilities, Weirdness & Mutations

You have very sharp teeth.
Your uncanny sense of smell can sniff out nearby items.
Your experience applies equally to all skills.


Message History

Found a robe.
The orc shouts!
There are monsters nearby!
An orc comes into view. It is wielding a +0 mace.
The orc priest mumbles some strange prayers to Beogh against you.
Pain shoots through your body!
There is a stone staircase leading up here.
Your +2 short sword of protection goes still.
a - a +2 shortbow (weapon)
You shoot an arrow.
The arrow closely misses the orc priest.
You shoot an arrow. The arrow hits the orc priest.
The orc priest is moderately wounded.
You shoot an arrow.
The arrow completely misses the orc priest.
The arrow hits the orc.
The orc is severely wounded.
The orc priest looks encouraged for a moment.
Fire: 45 arrows
Press: ? - help, Q - select action, (/) - cycle Shift-Dir - straight line, f/p - orc priest
Aim: an orc priest, wielding a +0 war axe (moderately wounded, 64% to hit)
You shoot an arrow. The arrow hits the orc priest.
The orc priest is moderately wounded.
The orc priest mumbles some strange prayers to Beogh against you.
Pain shoots through your body!
Fire: 44 arrows
Press: ? - help, Q - select action, (/) - cycle Shift-Dir - straight line, f/p - orc priest
Aim: an orc priest, wielding a +0 war axe (moderately wounded, 64% to hit)
You shoot an arrow. The arrow barely misses the orc priest.
The arrow barely misses the orc.
The orc priest invokes the aid of Beogh against you.
Beogh smites you!
* * * LOW HITPOINT WARNING * * *
You hear a shout!
The orc hits you with a +0 flail!
* * * LOW HITPOINT WARNING * * *
You climb upwards.
There is a stone staircase leading down here.
The orc hits you with a +0 flail!
You die...

############
############.....o....#
...#.....[......@>....#
.........#.###..####..###########
..[#.......# #...................
#.##.......###..##........#.#####
#.##....#.รท.....##....#####.#####
#.##.####.............# #.......
#.##.......<....#.....####..#####
#.##..###.<......................
#.##..###...................#####


You could see an orc.

Vanquished Creatures
  2 adders
  A worm (D:2)
  6 ball pythons
  2 bats (D:1)
  4 endoplasms
  2 giant cockroaches
  3 goblins
  2 jackals (D:2)
  5 kobolds
  A quokka (D:2)
  6 frilled lizards
  7 rats
41 creatures vanquished.

Notes
Turn   | Place    | Note
-------+----------+-------------------------------------------
     0 | D:1      | ragingrage the Gnoll Wanderer began the quest for the Orb.
     0 | D:1      | ragingrage set off with the following items: a +2 shortbow,
                  | 29 arrows, a +0 quarterstaff, a +0 cloak, a +0 robe
     0 | D:1      | Reached XP level 1. HP: 13/13 MP: 1/1
    57 | D:1      | Reached XP level 2. HP: 16/19 MP: 2/2
    58 | D:1      | Found a faded altar of an unknown god.
   633 | D:2      | Reached XP level 3. HP: 25/25 MP: 3/3
   856 | D:2      | Learned a level 1 spell: Shock
  1183 | D:2      | Reached skill level 1 in Invocations
  1361 | D:2      | Found Ytent's Antique Armour Boutique.
  1416 | D:3      | Reached skill level 1 in Fighting
  1416 | D:3      | Reached skill level 1 in Short Blades
  1416 | D:3      | Reached skill level 1 in Long Blades
  1416 | D:3      | Reached skill level 1 in Axes
  1416 | D:3      | Reached skill level 1 in Maces & Flails
  1416 | D:3      | Reached skill level 1 in Polearms
  1416 | D:3      | Reached skill level 1 in Slings
  1416 | D:3      | Reached skill level 1 in Crossbows
  1416 | D:3      | Reached skill level 1 in Throwing
  1416 | D:3      | Reached skill level 1 in Armour
  1416 | D:3      | Reached skill level 1 in Shields
  1416 | D:3      | Reached skill level 1 in Unarmed Combat
  1416 | D:3      | Reached skill level 1 in Spellcasting
  1416 | D:3      | Reached XP level 4. HP: 32/32 MP: 5/5
  1575 | D:3      | HP: 1/32 [orc (7)]
  1577 | D:2      | Mangled by an orc

Illustrated notes

Levels and vault maps discovered:
D:1:      minmay_arrival_arboretum_large, layout_rooms,
          hellmonk_ecumenical_altar_run_dry, minmay_misc_feat_chi,
          minmay_tree_intersection, chequers_decorated_corner,
          chequers_serial_rivers_marsh
D:2:      layout_loops_ring, serial_shops, nicolae_shop_trees,
          minmay_quadrilaterals
D:3:      layout_basic, grunt_temple_overflow_diamond,
          hellmonk_ghost_happy_afterlife

Skill      XL: |  1  2  3 |
---------------+----------+-----
Invocations    | 1 |  1.1
Fighting       | 1 |  1.0
Short Blades   | 1 |  1.0
Long Blades    | 1 |  1.0
Axes           | 1 |  1.0
Maces & Flails | 1 |  1.0
Polearms       | 1 |  1.0
Slings         | 1 |  1.0
Crossbows      | 1 |  1.0
Throwing       | 1 |  1.0
Armour         | 1 |  1.0
Shields        | 1 |  1.0
Unarmed Combat | 1 |  1.0
Spellcasting   | 1 |  1.0
Staves         | |  6.5
Bows           | |  6.5
Dodging        | |  4.6
Stealth        | |  2.5
Conjurations   | |  0.7
Hexes          | |  0.7
Summonings     | |  0.7
Necromancy     | |  0.7
Translocations | |  0.7
Transmutations | |  0.7
Fire Magic     | |  0.7
Ice Magic      | |  0.7
Air Magic      | |  0.7
Earth Magic    | |  0.7
Poison Magic   | |  0.7
Evocations     | |  2.7

Action                   |  1- 3 |  4- 6 || total
-------------------------+-------+-------++-------
Melee: Quarterstaff      |    38 |       ||    38
       Short sword       |    30 |    10 ||    40
       Bite              |       |     1 ||     1
 Fire: Shortbow          |    12 |     6 ||    18
 Cast: Shock             |     4 |       ||     4
 Stab: Sleeping          |     7 |     1 ||     8
Armor: Robe              |    20 |     3 ||    23
Dodge: Dodged            |    47 |     5 ||    52

Table legend: (Time is in decaauts)
 A = Elapsed time spent in this place.
 B = Non-inter-level travel time spent in this place.
 C = Inter-level travel time spent in this place.
 D = Time resting spent in this place.
 E = Time spent auto-exploring this place.
 F = Levels seen in this place.
 G = Mean time per level.
                   A        B        C        D        E       F      G
               +--------+--------+--------+--------+--------+-----+--------+
         Total |   1574 |   1546 |     28 |    148 |   1116 |   3 |  524.7 |
       Dungeon |   1574 |   1546 |     28 |    148 |   1116 |   3 |  524.7 |
               +--------+--------+--------+--------+--------+-----+--------+

Top non-repeatable levels by time:
     D:2: 833 daAuts
     D:1: 569 daAuts
     D:3: 171 daAuts
